 Dungeon Crawl Stone Soup version 0.28-a0-1286-g6bde065e89 (webtiles) character file.

Game seed: 13038832106514999879

5 willcat the Sneak (level 1, 0/14 HPs)
             Began as an Octopode Brigand on Dec 26, 2021.
             Slain by a quokka (5 damage)
             ... on level 1 of the Dungeon.
             The game lasted 00:00:13 (94 turns).

willcat the Sneak (Octopode Brigand)                  Turns: 94, Time: 00:00:14

Health: 0/14       AC:  1    Str: 10    XL:     1   Next: 80%
Magic:  1/1        EV: 13    Int: 13    God:
Gold:   16         SH:  0    Dex: 13    Spells: 0/0 levels left

rFire   . . .      SeeInvis .   a - +2 dagger
rCold   . . .      Faith    .   (no shield)
rNeg    . . .      Spirit   .   (helmet restricted)
rPois   .          Reflect  .   (no amulet)
rElec   .          Harm     .   (no ring)
rCorr   .          Rampage  .   (no ring)
Will    .....                   (no ring)
Stlth   ++++......              (no ring)
HPRegen 0.04/turn               (no ring)
MPRegen 0.07/turn               (no ring)
                                (no ring)
                                (no ring)

@: no status effects
A: almost no armour, amphibious, 8 rings, camouflage 1, gelatinous body 1,
(nimble swimmer 1), tentacles
a: no special abilities


You were on level 1 of the Dungeon.
You visited 1 branch of the dungeon, and saw 1 of its levels.

You collected 16 gold pieces.

Inventory:

Hand Weapons
 a - a +2 dagger (weapon)
Missiles
 b - 8 poisoned darts (quivered)
 c - 2 curare-tipped darts
Scrolls
 d - 2 scrolls of identify {unknown}


   Skills:
 - Level 2.0 Fighting
 + Level 2.1 Short Blades
 - Level 2.1 Throwing
 + Level 1.2 Dodging
 + Level 5.4 Stealth
 + Level 0.1 Spellcasting


You couldn't memorise any spells.
You didn't know any spells.
Your spell library contained the following spells:

 Spells                   Type           Power      Damage    Failure   Level
 Animate Skeleton         Necr           0%         N/A       30%         1
 Pain                     Necr           0%         1d4       30%         1
 Corpse Rot               Necr/Air       0%         N/A       43%         2
 Poisonous Vapours        Pois/Air       0%         N/A       43%         2
 Vampiric Draining        Necr           0%         2d6       67%         3


Dungeon Overview and Level Annotations

Branches:
Dungeon (1/15)

Altars:


Innate Abilities, Weirdness & Mutations

You cannot wear most types of armour.
You are amphibious.
You can wear up to eight rings at the same time.
Your skin changes colour to match your surroundings (Stealth+).
Your rubbery body absorbs attacks. (AC +1, EV +1)
((You are camouflaged when in or above water. (Stealth+)))
You have tentacles for arms and can constrict up to eight enemies at once.


Message History

No target in view!
No target in view!
Found a hunting sling.
You see here a ball python corpse.
Found a ring mail.
Found 14 arrows.
You see here a +0 ring mail.
A hobgoblin comes into view.
Found a stone staircase leading down.
A hobgoblin is nearby!
A hobgoblin is nearby!
A kobold comes into view. It is wielding a +0 club.
There are monsters nearby!
Found 22 stones.
A quokka comes into view.
The helpless hobgoblin fails to defend itself.
You impale the hobgoblin!!
You kill the hobgoblin!
A kobold comes into view. It is wielding a +0 short sword.
Found a long sword and a scroll labelled YNOITT GOETOUSYED.
You see here a hobgoblin corpse.
Found a glowing buckler.
The kobold shouts!
The kobold shouts!
The kobold hits you with a +0 club.
You hit the kobold but do no damage. Your grab misses the kobold.
A bat comes into view.
The quokka barely misses you. The kobold hits you with a +0 club.
You hit the kobold.
You kill the kobold!
A bat comes into view.
The quokka barely misses you.
You miss the quokka. You grab the quokka. You squeeze the quokka.
The quokka is moderately wounded.
You constrict the quokka. The quokka bites you.
The bat hits you but does no damage.
You are too injured to fight recklessly!
Unknown command.
You release your grip on the quokka.
The bat hits you. The quokka bites you.
You die...

.... #.....# # ....
?.##.....####
#..##...##......##.
##..##...##......##.
#....#....#.........
#.b..#.......[.....# .
#)......(####.###..#
....#..b#....# #..##...
......Kr@†...######....##
......................###
.[.......##..###....#....
###.#....##..#.......####
#.#..).##....####...... #
#....>...... #......
#.##.........##.####. #.
...........#.# #.
.......(... .# #.


You could see a quokka, 2 bats and a kobold.

Vanquished Creatures
  A bat (D:1)
  A hobgoblin (D:1)
  2 ball pythons (D:1)
  2 kobolds (D:1)
6 creatures vanquished.

Notes
Turn   | Place    | Note
-------+----------+-------------------------------------------
     0 | D:1      | willcat the Octopode Brigand began the quest for the Orb.
     0 | D:1      | Reached XP level 1. HP: 14/14 MP: 1/1
    94 | D:1      | Slain by a quokka

Illustrated notes

Levels and vault maps discovered:
D:1:      eino_arrival_water_cross, layout_rooms, serial_shops, shop_fountains

Action                   || total
-------------------------++-------
Melee: Dagger            ||     9
       Constrict         ||     3
       Tentacles         ||     1
 Stab: Sleeping          ||     3
Armor: Skin              ||     1
Dodge: Dodged            ||     4

Table legend: (Time is in decaauts)
 A = Elapsed time spent in this place.
 B = Non-inter-level travel time spent in this place.
 C = Inter-level travel time spent in this place.
 D = Time resting spent in this place.
 E = Time spent auto-exploring this place.
 F = Levels seen in this place.
 G = Mean time per level.
                   A        B        C        D        E       F      G
               +--------+--------+--------+--------+--------+-----+--------+
         Total |     93 |     93 |      0 |      0 |     55 |   1 |   93.0 |
       Dungeon |     93 |     93 |      0 |      0 |     55 |   1 |   93.0 |
               +--------+--------+--------+--------+--------+-----+--------+

Top non-repeatable levels by time:
     D:1: 93 daAuts
